 Dungeon Crawl Stone Soup version 0.26.1-11-gd32895ea62 (webtiles) character file.

Game seed: 2142988301984050768

179 ChiliTurd the Chopper (level 5, -6/32 HPs)
             Began as a Gargoyle Berserker on July 16, 2021.
             Was a Priest of Trog.
             Killed by divine providence
             ... invoked by an orc priest
              (8 damage)
             ... on level 3 of the Dungeon.
             The game lasted 00:15:55 (2526 turns).

ChiliTurd the Chopper (Gargoyle Berserker)          Turns: 2526, Time: 00:15:56

Health: -6/32      AC: 13    Str: 21    XL:     5   Next: 59%
Magic:  5/5        EV: 10    Int:  8    God:    Trog [***...]
Gold:   151        SH:  0    Dex:  9    Spells: 4/4 levels left

rFire    x . .     SeeInvis .   a - +0 hand axe
rCold    + + .     Faith    .   (no shield)
rNeg     + . .     Spirit   .   f - +0 ice dragon scales
rPois    ∞         Reflect  .   (no helmet)
rElec    +         Harm     .   (no cloak)
rCorr    .         Rampage  .   (no gloves)
Will     .....                  (no boots)
Stlth    ..........             (no amulet)
HPRegen  0.10/turn              (no ring)
MPRegen  0.09/turn              (no ring)

@: no status effects
A: negative energy resistance 1, electricity resistance, unbreathing,
petrification resistance, miasma immunity, AC +4
a: Renounce Religion, Berserk, Trog's Hand


You were on level 3 of the Dungeon.
You worshipped Trog.
Trog was most pleased with you.
You visited 1 branch of the dungeon, and saw 3 of its levels.

You collected 151 gold pieces.

Inventory:

Hand Weapons
 a - a +0 hand axe (weapon)
Missiles
 j - 39 poisoned darts (quivered)
 t - a throwing net
Armour
 b - a +0 animal skin
 d - a +0 pair of boots
 e - a cursed +0 chain mail
 f - +0 ice dragon scales (worn)
 g - a +0 scale mail
 p - a +0 chain mail
Jewellery
 i - a cursed ring of teleportation {unknown}
Scrolls
 k - a scroll of magic mapping {unknown}
 l - a scroll of blinking {unknown}
 n - 2 scrolls of enchant weapon {unknown}
 o - a scroll of teleportation
 q - a scroll of identify {unknown}
 r - 2 scrolls of remove curse
Potions
 c - a potion of lignification {unknown}
 h - a potion of attraction {unknown}
 m - a potion of berserk rage {unknown}
 s - a potion of brilliance {unknown}
 u - a potion of resistance {unknown}


   Skills:
 - Level 3.3 Fighting
 + Level 5.4 Axes
 - Level 2.2 Armour
 - Level 1.5 Dodging
 - Level 1.1 Stealth


You had 4 spell levels left.
You didn't know any spells.
Your spell library was empty.

Dungeon Overview and Level Annotations

Branches:
Dungeon (3/15)

Altars:
Kikubaaqudgha
Nemelex Xobeh
Ru
Uskayaw
The Shining One


Innate Abilities, Weirdness & Mutations

You are resistant to torment.
Your stone body is resilient. (AC +4)
You are immune to poison.
You resist negative energy. (rN+)
You are resistant to electric shocks. (rElec)
You can survive without breathing.
You are immune to petrification.
You are immune to miasma.


Message History

You closely miss the orc priest.
The orc priest is almost dead.
You closely miss the orc.
The orc priest invokes the aid of Beogh against you.
Beogh smites you! The orc completely misses you.
The orc priest barely misses you.
You barely miss the orc priest.
The orc priest is almost dead.
You hit the orc.
The orc priest calls down the wrath of Beogh upon you.
Pain shoots through your body! The orc barely misses you.
The orc priest hits you but does no damage.
The orc priest mumbles some strange prayers to Beogh against you.
Beogh smites you!
* * * LOW HITPOINT WARNING * * *
The orc priest calls upon Beogh to heal the orc.
The orc's wounds heal themselves!
The orc priest invokes the aid of Beogh against you.
Beogh smites you!
You die...

.... #.# #>#...## .. ...
#.###.#..##. #. ...
#...#...#'..
#.###.#######[...##..⌠
#!.......###...###..⌠.
#..##.##.##......##..⌠
######..#...#.##.##....##..
........o..[.(##.##.##..##.
###ooo.@.......>.###..##
#........##.#### ##..#
#.##...####.# #.#.. #.
##.## ##.## ##.#. #. ###
#...# #... .. #...#######..
.. #...#†....... .##
#....###.#... #.......##
##....


You could see 2 orc priests and 2 orcs.

Vanquished Creatures
  A sky beast (D:3)
  An adder (D:3)
  2 oozes
  3 dart slugs (D:1)
  2 leopard geckos
  An orc (D:3)
  A ball python (D:1)
  4 giant cockroaches
  5 goblins
  8 hobgoblins
  6 jackals
  6 kobolds
  7 bats
  8 frilled lizards
  11 rats
66 creatures vanquished.

Notes
Turn   | Place    | Note
-------+----------+-------------------------------------------
     0 | D:1      | ChiliTurd the Gargoyle Berserker began the quest for the
                  | Orb.
     0 | D:1      | Reached XP level 1. HP: 14/14 MP: 1/1
   147 | D:1      | Reached skill level 3 in Axes
   163 | D:1      | Reached XP level 2. HP: 17/19 MP: 2/2
   299 | D:1      | Reached XP level 3. HP: 23/23 MP: 3/3
   711 | D:1      | Reached ** piety under Trog
   742 | D:1      | Reached skill level 4 in Axes
  1109 | D:2      | Noticed a +0 hand axe
  1117 | D:2      | Noticed a +0 dagger
  1198 | D:2      | Found a hide-covered altar of Uskayaw.
  1284 | D:2      | Reached XP level 4. HP: 28/28 MP: 4/4
  1396 | D:2      | Found a sparkling altar of Nemelex Xobeh.
  1716 | D:2      | Found an ancient bone altar of Kikubaaqudgha.
  2156 | D:3      | Reached *** piety under Trog
  2189 | D:3      | Found a sacrificial altar of Ru.
  2300 | D:3      | Found a glowing golden altar of the Shining One.
  2366 | D:3      | Noticed a sky beast
  2379 | D:3      | Killed a sky beast
  2380 | D:3      | Reached skill level 5 in Axes
  2380 | D:3      | Reached skill level 1 in Stealth
  2380 | D:3      | Reached XP level 5. HP: 25/32 MP: 5/5
  2526 | D:3      | Killed from afar by an orc priest

Illustrated notes

Levels and vault maps discovered:
D:1:      lemuel_arrival_rhombus, layout_basic, minmay_domino_2
D:2:      layout_rooms, nicolae_overflow_hidden_temple, dancing_weapons_uskayaw,
          nemelex_xobeh_ov_fountains_minmay, st_stairs_10
D:3:      layout_loops_cross, lemuel_round_altar, tso_metal_star,
          marbit_many_paths, led_sif_book

Skill      XL: |  1  2  3  4 |
---------------+-------------+-----
Axes           | 3 4 5 |  5.4
Stealth        | 1 |  1.1
Fighting       | |  3.3
Armour         | |  2.2
Dodging        | |  1.5

Action                   |  1- 3 |  4- 6 || total
-------------------------+-------+-------++-------
Melee: Hand axe          |   124 |   111 ||   235
  Use: Scroll            |       |     2 ||     2
Armor: Animal skin       |    43 |    16 ||    59
       Ice dragon scales |       |    36 ||    36
Dodge: Dodged            |    91 |    69 ||   160
